 Dungeon Crawl Stone Soup version 0.28.0-49-g6dfe1f597d (console) character file.

Game seed: 2040960608988315269

32 Faeu the Skirmisher (level 3, -4/33 HPs)
             Began as a Minotaur Berserker on May 15, 2022.
             Was a Follower of Trog.
             Killed from afar by an orc wizard (11 damage)
             ... with a magic dart
             ... on level 3 of the Dungeon.
             The game lasted 00:01:03 (1844 turns).

Faeu the Skirmisher (Minotaur Berserker)            Turns: 1844, Time: 00:01:03

Health: -4/33      AC:  2    Str: 23    XL:     3   Next: 10%
Magic:  2/2        EV: 12    Int:  4    God:    Trog [*.....]
Gold:   62         SH:  0    Dex:  9    Spells: 2/2 levels left

rFire   . . .      SeeInvis .   a - +0 hand axe {axe}
rCold   . . .      Faith    .   (no shield)
rNeg    . . .      Spirit   .   b - +0 animal skin
rPois   .          Reflect  .   (helmet restricted)
rElec   .          Harm     .   (no cloak)
rCorr   .          Rampage  .   (no gloves)
Will    .....                   (no boots)
Stlth   +.........              (no amulet)
HPRegen 0.11/turn               (no ring)
MPRegen 0.08/turn               (no ring)

@: confused
A: horns 2, retaliatory headbutt
a: Renounce Religion, Berserk


You were on level 3 of the Dungeon.
You worshipped Trog.
Trog was aware of your devotion.
You visited 1 branch of the dungeon, and saw 3 of its levels.

You collected 62 gold pieces.


Innate Abilities, Weirdness & Mutations

You have a pair of horns on your head.
You reflexively headbutt those who attack you in melee.


   Skills:
 + Level 4.1 Fighting
 + Level 4.0 Axes
 + Level 3.0 Armour
 + Level 2.7 Dodging


You had 2 spell levels left.
You didn't know any spells.
Your spell library was empty.

Inventory:

Hand Weapons
 a - a +0 hand axe (weapon) {axe}
 e - a +2 dagger of holy wrath {short}
   (You took it off a goblin on level 1 of the Dungeon)
Armour
 b - a +0 animal skin (worn)
 f - a +0 cloak
   (You found it on level 1 of the Dungeon)
 g - a +0 pair of gloves
   (You found it on level 2 of the Dungeon)
Scrolls
 d - 2 scrolls of fog {unknown}
 h - 3 scrolls of magic mapping {unknown}
 i - 3 scrolls of identify {unknown}
Potions
 c - a potion of curing {unknown}

Dungeon Overview and Level Annotations

Branches:
Dungeon (3/15)

Altars:

..........#
#..........#
#..........#
#..........#
#..........#
#..........#
#..........#
##....#...##
##..........##
>.)....{)<...#
.......@.....#
#............#
............##
###.>......##
#.....####
........
..<###... #.#
....


There were no monsters in sight!


Message History

You closely miss the rat. The rat bites you.
There are monsters nearby!
You slash the rat!
You kill the rat!
Trog accepts your kill.
You hit the endoplasm. The endoplasm completely misses you.
You furiously retaliate!
You headbutt the endoplasm!
You kill the endoplasm!
Trog accepts your kill.
Your Armour skill increases to level 3!
A rat is nearby!
The orc shouts!
There are monsters nearby!
An orc comes into view. It is wielding a +0 dagger.
There are monsters nearby!
The orc shouts!
You hit the rat. Your headbutt misses the rat.
You hear a shout!
The rat bites you.
There are monsters nearby!
You hit the rat but do no damage. The rat misses you. You furiously retaliate!
You headbutt the rat.
You kill the rat!
Trog accepts your kill.
An orc wizard comes into view. It is wielding a +0 dagger.
You have reached level 3!
Your experience leads to an increase in your attributes!
Increase (S)trength, (I)ntelligence, or (D)exterity?
You feel stronger. x2 😕 HP[+4] MP[+1]
You now have 33 max hp (+6).
You regained 4 hp, and now have 31/33 hp.
Your mp is fully restored (2).
There is a stone staircase leading up here.
You barely miss the orc. The orc closely misses you.
You barely miss the orc. You headbutt the orc!
You kill the orc!
Trog accepts your kill.
You slash the orc!
You kill the orc!
Trog accepts your kill.
The orc wizard hits you with a +0 dagger.
Items here: )) [ ††. 😕 HP[-3]
You take 3 damage, and now have 28/33 hp.
You closely miss the orc wizard. Your headbutt misses the orc wizard.
The orc wizard hits you with a +0 dagger. 😕 HP[-2]
You take 2 damage, and now have 26/33 hp.
You closely miss the orc wizard.
The orc wizard hits you with a +0 dagger.
You closely miss the orc wizard.
The orc wizard hits you with a +0 dagger. 😮 HP[-2]
You take 2 damage, and now have 24/33 hp.
You barely miss the orc wizard.
The orc wizard hits you with a +0 dagger. 😮 HP[-2]
You take 2 damage, and now have 22/33 hp.
You slash the orc wizard! The orc wizard casts a spell at you.
You are confused.
You barely miss the orc wizard. The orc wizard closely misses you.
You hit the orc wizard.
The orc wizard casts a spell.
The orc wizard flickers and vanishes!
Deactivating autopickup; reactivate with Ctrl-A.
You miss something.
You hear some strange, mumbled words.
A magic dart appears from out of thin air!
The magic dart hits you!
* * * LOW HITPOINT WARNING * * *
😨 HP[-7]
You take 7 damage, and now have 15/33 hp.
MASSIVE DAMAGE!! (PAUSE)
You closely miss something. Your headbutt misses something.
Something hits you but does no damage.
You miss something. Something hits you but does no damage.
You hear some strange, mumbled words.
You are more confused. 😨 HP[+1]
You hit something. Something hits you.
* * * LOW HITPOINT WARNING * * *
😨 HP[-4]
You take 4 damage, and now have 12/33 hp.
You completely miss something.
You hear some strange, mumbled words.
A magic dart appears from out of thin air!
The magic dart hits you.
* * * LOW HITPOINT WARNING * * *
😱 HP[-5]
You take 5 damage, and now have 7/33 hp.
You miss something. Something hits you but does no damage.
Something hits you but does no damage.
You see here a rat corpse.
You barely miss something.
You hear some strange, mumbled words.
A magic dart appears from out of thin air!
The magic dart hits you!
You die...

Skill      XL: |  1  2 |
---------------+-------+-----
Fighting       | 4 |  4.1
Axes           | 4 |  4.0
Armour         | 3 |  3.0
Dodging        | |  2.7

Action                   || total
-------------------------++-------
Melee: Hand axe          ||    69
       Headbutt          ||     7
       Punch             ||     1
Armor: Animal skin       ||    11
Dodge: Dodged            ||    47

Levels and vault maps discovered:
D:1:      kilobyte_arrival_exit_the_forest, layout_basic,
          hellmonk_ecumenical_altar_crossroads
D:2:      layout_rooms, grunt_ministairs_15
D:3:      layout_rooms, mainiacjoe_overflow_alcove_4,
          lemuel_coloured_pillars_altar, mainiacjoe_overflow_paths,
          zin_scriptorium, ebering_ghost_gozag, serial_glass, glass_columns_a,
          glass_columns_a, minmay_vboxes, uniq_natasha

Notes
Turn   | Place    | Note
-------+----------+-------------------------------------------
     0 | D:1      | Faeu the Minotaur Berserker began the quest for the Orb.
     0 | D:1      | Reached XP level 1. HP: 19/19 MP: 0/0
     0 | D:1      | magus.rc [v1.9.6]
   294 | D:1      | HP: 4/20 [ball python (2)]
   397 | D:1      | Reached XP level 2. HP: 10/27 MP: 1/1
   696 | D:1      | Found a faded altar of an unknown god.
  1368 | D:2      | Reached skill level 4 in Fighting
  1461 | D:2      | Reached skill level 4 in Axes
  1820 | D:3      | Reached skill level 3 in Armour
  1824 | D:3      | Reached XP level 3. HP: 31/33 MP: 2/2
  1841 | D:3      | HP: 7/33 [something/magic dart (5)]
  1844 | D:3      | Killed from afar by an orc wizard

Vanquished Creatures
  2 orcs (D:3)
  4 endoplasms
  2 giant cockroaches (D:1)
  2 goblins (D:1)
  2 hobgoblins
  7 kobolds
  3 ball pythons
  A bat (D:1)
  2 frilled lizards
  4 rats
29 creatures vanquished.

Table legend:
 A = Non-vault XP
 B = Vault XP
 C = Vault XP percentage of total XP
 D = Non-vault monster count
 E = Vault monster count
 F = Vault count percentage of total count
                 A         B        C        D         E       F
            +---------+---------+-------+---------+---------+-------
      Total |      44 |       3 |   6.4 |      27 |       2 |   6.9
            +---------+---------+-------+---------+---------+-------
        D:1 |      25 |       0 |   0.0 |      16 |       0 |   0.0
        D:2 |       9 |       3 |  25.0 |       6 |       2 |  25.0
        D:3 |      10 |       0 |   0.0 |       5 |       0 |   0.0
            +---------+---------+-------+---------+---------+-------

Illustrated notes

Table legend:
 A = Kills in this place as a percentage of kills in entire the game.
 B = Kills by you in this place as a percentage of kills by you in the entire game.
 C = Kills by friends in this place as a percentage of kills by friends in the entire game.
 D = Other kills in this place as a percentage of other kills in the entire game.
 E = Experience gained in this place as a percentage of experience gained in the entire game.
 F = Experience gained in this place divided by the number of levels of this place that you have seen.
                   A       B       C       D       E      F
               +-------+-------+-------+-------+-------+----------------------
         Total | 100.0 | 100.0 |   N/A |   N/A | 100.0 |  15.7
       Dungeon | 100.0 | 100.0 |   N/A |   N/A | 100.0 |  15.7
               +-------+-------+-------+-------+-------+----------------------

Table legend: (Time is in decaauts)
 A = Elapsed time spent in this place.
 B = Non-inter-level travel time spent in this place.
 C = Inter-level travel time spent in this place.
 D = Time resting spent in this place.
 E = Time spent auto-exploring this place.
 F = Levels seen in this place.
 G = Mean time per level.
                   A        B        C        D        E       F      G
               +--------+--------+--------+--------+--------+-----+--------+
         Total |   1861 |   1827 |     34 |    267 |   1394 |   3 |  620.3 |
       Dungeon |   1861 |   1827 |     34 |    267 |   1394 |   3 |  620.3 |
               +--------+--------+--------+--------+--------+-----+--------+

Top non-repeatable levels by time:
     D:1: 1245 daAuts
     D:2: 585 daAuts
     D:3: 30 daAuts
